[Event "Titled Tuesday Blitz November 22 Early 2022"]
[White "Streltsov, Alexey"]
[Black "Jimenez Almeida, Luis David"]
[WhiteFideId "24104434"]
[BlackFideId "22242244"]
[WhiteElo "2542"]
[BlackElo "2158"]
[Result "1-0"]
[Round "10"]
[TimeControl "180+1"]
[Date "2022.11.23"]
[WhiteClock "0:00:27"]
[BlackClock "0:00:11"]

1. d4 g6 2. e4 Bg7 3. Nf3 c5 4. Be3 Nc6 5. Nc3 Qa5 6. d5 Ne5 7. Nd2 d6 8. Be2 Nd7 9. O-O Ngf6 10. Nc4 Qc7 11. f4 a6 12. a4 b6 13. Bf3 O-O 14. e5 Ne8 15. e6 Ndf6 16. f5 gxf5 17. Qd3 fxe6 18. dxe6 Bb7 19. Qxf5 Rb8 20. Be2 d5 21. Bf4 Qc8 22. Bxb8 dxc4 23. Be5 Ne4 24. Qf7+ Rxf7 25. exf7+ Kf8 26. fxe8=Q+ Kxe8 27. Bxg7 Nf6 28. Rad1 Qe6 29. Bh5+ Nxh5 30. Rf8# 1-0


[Site "https://www.chess.com"]

[Event "Titled Tuesday Blitz November 22 Early 2022"]
[White "Svane, Rasmus"]
[Black "Xu, Yi"]
[WhiteFideId "4657101"]
[BlackFideId "8605564"]
[WhiteElo "2674"]
[BlackElo "2471"]
[Result "1/2-1/2"]
[Round "10"]
[TimeControl "180+1"]
[Date "2022.11.22"]
[WhiteClock "0:00:13"]
[BlackClock "0:00:02"]

1. Nf3 d5 2. g3 Nf6 3. Bg2 e6 4. O-O Be7 5. c4 O-O 6. b3 b6 7. d4 Bb7 8. Nc3 Nbd7 9. Bb2 c6 10. Qd3 Rc8 11. e4 dxe4 12. Nxe4 Nxe4 13. Qxe4 Nf6 14. Qc2 c5 15. Rad1 cxd4 16. Bxd4 Qc7 17. Be5 Qc5 18. Bd4 Qc7 19. Ng5 h6 20. Bxf6 hxg5 21. Bxe7 Qxe7 22. Bxb7 Qxb7 23. Qe2 Rcd8 24. Qe5 Rxd1 25. Rxd1 Qf3 26. Rd4 Qc3 27. Kg2 Qb2 28. Re4 Qxa2 29. Qxg5 Qxb3 30. Rh4 Qd1 31. Rg4 Qa1 32. Qh5 g6 33. Qg5 Qg7 34. h4 Rc8 35. h5 Rc5 36. Qd8+ Qf8 37. Qf6 Qg7 38. Qd8+ Qf8 39. Qf6 Qg7 40. Qe7 Rxh5 41. Qxa7 Qe5 42. Rf4 Rf5 43. Qa8+ Kg7 44. Rh4 Rh5 45. Rxh5 Qxh5 46. Qa1+ Kh7 47. Qa7 Qf5 48. Qxb6 Qe4+ 49. Kh2 Qxc4 50. Qb7 Kg7 51. Qb2+ Kg8 52. Qb8+ Kg7 53. Qb2+ Kh7 54. Qb7 Kg7 55. Qb2+ 1/2-1/2


[Site "https://www.chess.com"]

[Event "Titled Tuesday Blitz November 22 Early 2022"]
[White "Szyszylo, Rafal"]
[Black "Winterberg, Lukas"]
[WhiteFideId "1109626"]
[BlackFideId "24622702"]
[WhiteElo "1981"]
[BlackElo "2349"]
[Result "1/2-1/2"]
[Round "10"]
[TimeControl "180+1"]
[Date "2022.11.23"]
[WhiteClock "0:00:02"]
[BlackClock "0:00:06"]

1. e4 g6 2. d4 Bg7 3. Nc3 c5 4. Nge2 cxd4 5. Nxd4 Nc6 6. Nb3 Nf6 7. Be3 O-O 8. Be2 e6 9. O-O d5 10. exd5 Nxd5 11. Nxd5 exd5 12. c3 Bf5 13. Nd4 Bd7 14. Bf3 Be6 15. Qd2 Qd7 16. Rad1 Ne5 17. Bh6 Nc4 18. Qc1 Bxh6 19. Qxh6 Nxb2 20. Rb1 Nc4 21. h4 Bg4 22. h5 Ne5 23. hxg6 fxg6 24. Bxg4 Nxg4 25. Qg5 b6 26. f3 Nf6 27. Rfe1 Rae8 28. Rbd1 Rxe1+ 29. Rxe1 Re8 30. Rxe8+ Nxe8 31. Qe5 Kf7 32. g4 Qd6 33. Qh8 Nf6 34. Kg2 Qc7 35. Qa8 a5 36. g5 Ne8 37. Qxd5+ Ke7 38. Qe6+ Kf8 39. Qd5 Qf7 40. c4 Qxd5 41. cxd5 Ke7 42. Nb5 Nd6 43. Nc3 Nf5 44. f4 Kd6 45. Kf3 Kc5 46. Ke4 h5 47. gxh6 Nxh6 48. Ke5 Nf5 49. Ke6 Nd4+ 50. Ke5 Nf5 51. Ne4+ Kb5 52. d6 Kc6 53. Ke6 Nxd6 54. Nxd6 b5 55. Ne4 b4 56. Kf6 Kd5 57. Nd2 a4 58. Kxg6 Kd4 59. f5 Kd3 60. Nb1 Kc2 61. f6 Kxb1 62. f7 Kxa2 63. f8=Q b3 64. Qb4 a3 65. Qc4 Kb2 66. Qe2+ Ka1 67. Qd1+ Ka2 68. Qd5 Kb2 69. Qd4+ Ka2 70. Qc4 Kb2 71. Qe2+ Ka1 72. Qd1+ Ka2 73. Qd5 Kb2 74. Qd4+ Ka2 75. Qc4 1/2-1/2


[Site "https://www.chess.com"]

[Event "Titled Tuesday Blitz November 22 Early 2022"]
[White "Timofeev, Artyom"]
[Black "Odegov, Artem"]
[WhiteFideId "4140419"]
[BlackFideId "34183644"]
[WhiteElo "2586"]
[BlackElo "2298"]
[Result "1-0"]
[Round "10"]
[TimeControl "180+1"]
[Date "2022.11.23"]
[WhiteClock "0:01:07"]
[BlackClock "0:00:03"]

1. d4 d5 2. Nc3 Nf6 3. Bf4 c5 4. e3 Nc6 5. Nb5 e5 6. dxe5 Ne4 7. e6 Bxe6 8. Nc7+ Ke7 9. Nxa8 Qxa8 10. Nf3 f6 11. h3 g5 12. Bh2 Bg7 13. Bd3 Rd8 14. O-O h6 15. Qe2 f5 16. c4 Nb4 17. cxd5 Bxd5 18. Bc4 b6 19. Rfd1 Bxc4 20. Qxc4 Bxb2 21. Rab1 Bf6 22. Be5 Nd5 23. Bxf6+ Ndxf6 24. Ne5 Rd5 25. Rxd5 Qxd5 26. Qxd5 Nxd5 27. Nc6+ Ke6 28. Nxa7 Nec3 29. Ra1 b5 30. Nc6 b4 31. Na5 Ke5 32. a3 Ne4 33. axb4 cxb4 34. Nb3 Nec3 35. Ra5 Ke4 36. Nc5+ Ke5 37. Kf1 Kd6 38. Nb3 Kc6 39. Ke1 Kb6 40. Ra8 Kb5 41. Kd2 Ne4+ 42. Ke1 Kc4 43. Nd4 b3 44. Rc8+ Kb4 45. Rb8+ Kc4 46. Nxb3 Nb4 47. Nd2+ Nxd2 48. Kxd2 1-0


[Site "https://www.chess.com"]

[Event "Titled Tuesday Blitz November 22 Early 2022"]
[White "Torres Dominguez, David"]
[Black "Grabinsky, Vladimir"]
[WhiteFideId "2220857"]
[BlackFideId "14107074"]
[WhiteElo "2037"]
[BlackElo "2198"]
[Result "1-0"]
[Round "10"]
[TimeControl "180+1"]
[Date "2022.11.23"]
[WhiteClock "0:01:25"]
[BlackClock "0:00:01"]

1. e4 c5 2. Nf3 Nc6 3. d4 cxd4 4. Nxd4 e5 5. Nxc6 bxc6 6. Bd3 Nf6 7. O-O d5 8. Nd2 Be7 9. Re1 Qc7 10. exd5 cxd5 11. Bb5+ Bd7 12. Bxd7+ Nxd7 13. Nf3 Qd6 14. c3 O-O 15. Be3 Rab8 16. Qd2 Rb7 17. Rad1 Nf6 18. Qe2 Rfb8 19. Bc1 Ne4 20. h3 Bd8 21. Qxe4 dxe4 22. Rxd6 exf3 23. gxf3 h6 24. Rd5 f6 25. Red1 Bb6 26. Rd7 Kh7 27. Kf1 Kg6 28. Ke2 Kf5 29. a4 a5 30. Kf1 Bc5 31. Ke2 h5 32. Rxb7 Rxb7 33. Rd5 Rc7 34. Bd2 g5 35. b4 axb4 36. cxb4 Bd4 37. b5 Rc2 38. Kd3 Ra2 39. a5 Ra3+ 40. Kc4 Ra2 41. b6 1-0


[Site "https://www.chess.com"]

[Event "Titled Tuesday Blitz November 22 Early 2022"]
[White "Vasques, Antonio Pedro Freixial"]
[Black "Pinheiro, Iung Alicio de O."]
[WhiteFideId "1908332"]
[BlackFideId "2104350"]
[WhiteElo "2243"]
[BlackElo "2283"]
[Result "0-1"]
[Round "10"]
[TimeControl "180+1"]
[Date "2022.11.23"]
[WhiteClock "0:01:20"]
[BlackClock "0:00:24"]

1. e4 c5 2. Nc3 a6 3. Nf3 e6 4. d4 cxd4 5. Nxd4 Qc7 6. Be3 Nf6 7. Bd3 b5 8. O-O Bb7 9. a3 d6 10. f4 Nbd7 11. g4 Nc5 12. Qf3 d5 13. e5 Nfe4 14. Nce2 Be7 15. b4 Na4 16. Ng3 Nac3 17. Rae1 g6 18. f5 gxf5 19. gxf5 Qxe5 20. fxe6 fxe6 21. Qf7+ Kd7 22. Bxe4 Nxe4 23. Nxe4 Qxe4 24. Rf4 Rhg8+ 0-1


[Site "https://www.chess.com"]

[Event "Titled Tuesday Blitz November 22 Early 2022"]
[White "Vifleemskaia, Svetlana"]
[Black "Kovacevic, Radmila"]
[WhiteFideId "4129490"]
[BlackFideId "933171"]
[WhiteElo "1929"]
[BlackElo "2208"]
[Result "1-0"]
[Round "10"]
[TimeControl "180+1"]
[Date "2022.11.23"]
[WhiteClock "0:00:46"]
[BlackClock "0:00:09"]

1. d4 e5 2. dxe5 Nc6 3. Nf3 Qe7 4. e4 Nxe5 5. Be2 Nf6 6. Nc3 c6 7. O-O d6 8. Nd4 Ng6 9. Nf5 Qc7 10. h4 Bxf5 11. exf5 Nxh4 12. Bd3 Be7 13. g3 Ng6 14. fxg6 hxg6 15. Kg2 O-O-O 16. Be3 c5 17. Qf3 d5 18. Bf4 Qb6 19. Na4 Qc6 20. Nc3 a6 21. Rh1 c4 22. Be2 Rh5 23. Rxh5 Nxh5 24. Rd1 Nxf4+ 25. gxf4 d4 26. Qxc6+ bxc6 27. Ne4 f5 28. Ng5 d3 29. cxd3 cxd3 30. Rxd3 Rxd3 31. Bxd3 Kb7 32. Bc4 Bf6 33. b3 Kb6 34. Kf3 a5 35. a4 Kc5 36. Ke3 Bd4+ 37. Kd3 Bxf2 38. Ne6+ Kb4 39. Nxg7 Bg3 40. Ke3 Bh4 41. Ne6 g5 42. fxg5 Bxg5+ 43. Nxg5 f4+ 44. Kxf4 c5 45. Ke5 1-0


[Site "https://www.chess.com"]

[Event "Titled Tuesday Blitz November 22 Early 2022"]
[White "Viskelis, Darius"]
[Black "Fernandez Garcia, Gumersindo"]
[WhiteFideId "12800830"]
[BlackFideId "24516740"]
[WhiteElo "2025"]
[BlackElo "2140"]
[Result "1-0"]
[Round "10"]
[TimeControl "180+1"]
[Date "2022.11.23"]
[WhiteClock "0:00:43"]
[BlackClock "0:00:52"]

1. e4 c5 2. Nf3 e6 3. c3 d5 4. e5 Nc6 5. d4 Qb6 6. Bd3 Bd7 7. dxc5 Bxc5 8. O-O Nge7 9. b4 Bxb4 10. cxb4 Nxb4 11. Be3 Qc7 12. Na3 Nxd3 13. Qxd3 Nc6 14. Nb5 Qb8 15. Nd6+ Kf8 16. Bf4 h6 17. h4 Ne7 18. h5 Bc6 19. Nd4 Qc7 20. Rfc1 Rd8 21. Rab1 Qa5 22. Nxc6 bxc6 23. Nb7 Qa4 24. Nxd8 Qxf4 25. Nxc6 Nc8 26. Nxa7 Nxa7 27. Rb8+ Ke7 28. Rc7# 1-0


[Site "https://www.chess.com"]

[Event "Titled Tuesday Blitz November 22 Early 2022"]
[White "Vlassov, Nikolai"]
[Black "Valle Maytin, Luis Enrique"]
[WhiteFideId "4103360"]
[BlackFideId "3503666"]
[WhiteElo "2324"]
[BlackElo "2225"]
[Result "0-1"]
[Round "10"]
[TimeControl "180+1"]
[Date "2022.11.23"]
[WhiteClock "0:00:12"]
[BlackClock "0:00:41"]

1. e4 c6 2. d4 d5 3. e5 c5 4. dxc5 e6 5. Nf3 Bxc5 6. a3 Nc6 7. Bd3 Nge7 8. b4 Bb6 9. Bb2 Ng6 10. Qd2 Qc7 11. Bxg6 hxg6 12. O-O Ne7 13. Nc3 Nf5 14. Nb5 Qc6 15. Nbd4 Nxd4 16. Bxd4 Bc7 17. a4 b6 18. b5 Qd7 19. Ra3 Bb7 20. Rc3 Rc8 21. Rb1 O-O 22. Qf4 f6 23. Qg4 fxe5 24. Nxe5 Bxe5 25. Bxe5 Rf5 26. f4 Rxc3 27. Bxc3 d4 28. Bd2 e5 29. Qxg6 e4 30. h3 Rf6 31. Qg5 e3 32. Be1 d3 33. cxd3 Qxd3 34. Rc1 Rg6 35. Qd8+ Qxd8 0-1


[Site "https://www.chess.com"]

[Event "Titled Tuesday Blitz November 22 Early 2022"]
[White "Wagner, Dennis"]
[Black "Jeet, Jain"]
[WhiteFideId "24650684"]
[BlackFideId "5073022"]
[WhiteElo "2470"]
[BlackElo "2067"]
[Result "1-0"]
[Round "10"]
[TimeControl "180+1"]
[Date "2022.11.23"]
[WhiteClock "0:00:41"]
[BlackClock "0:00:47"]

1. d4 d5 2. Nf3 Nf6 3. c4 c6 4. Nc3 g6 5. cxd5 cxd5 6. Bf4 a6 7. e3 Bg7 8. h3 O-O 9. Qb3 Nc6 10. Be2 e6 11. Rc1 Bd7 12. O-O b5 13. Bd6 Re8 14. Ne5 Na5 15. Qb4 Nc4 16. Bxc4 bxc4 17. b3 cxb3 18. axb3 Bf8 19. Bxf8 Rxf8 20. Na4 Rb8 21. Qa3 Bxa4 22. Qxa4 Qb6 23. Nc6 Qxb3 24. Qxa6 Ra8 25. Ne7+ Kg7 26. Qd6 Ra7 27. Nc6 Ra6 28. Qe5 Qb7 29. g4 Qxc6 30. Rxc6 1-0


[Site "https://www.chess.com"]

[Event "Titled Tuesday Blitz November 22 Early 2022"]
[White "Winkels, Marcel"]
[Black "Kuchava, Ana"]
[WhiteFideId "1003887"]
[BlackFideId "13605348"]
[WhiteElo "1900"]
[BlackElo "2001"]
[Result "1-0"]
[Round "10"]
[TimeControl "180+1"]
[Date "2022.11.23"]
[WhiteClock "0:00:09"]
[BlackClock "0:00:01"]

1. d4 d5 2. Nc3 Nf6 3. Bf4 Bf5 4. e3 e6 5. Nb5 Na6 6. Nf3 c6 7. Nc3 Nb4 8. Rc1 Qa5 9. a3 Na2 10. Rb1 Nxc3 11. bxc3 Qxc3+ 12. Qd2 Qxa3 13. Rxb7 Qa1+ 14. Qd1 Qc3+ 15. Qd2 Qxc2 16. Qxc2 Bxc2 17. Ne5 c5 18. Bb5+ Kd8 19. Nxf7+ Kc8 20. Rc7+ Kb8 21. Nxh8 g5 22. Rf7+ gxf4 23. Rxf8+ Kb7 24. Rxf6 Rxh8 25. O-O fxe3 26. fxe3 Bf5 27. h3 cxd4 28. exd4 h5 29. Rc1 Kb6 30. Bf1 Rg8 31. Kh2 a5 32. Rd1 a4 33. Bd3 Bxd3 34. Rxd3 Kb5 35. Rxe6 Kc4 36. Rd1 Ra8 37. Rc6+ Kb5 38. Rc5+ Kb4 39. Rxd5 a3 40. Rd7 a2 41. Rb7+ Kc3 42. Ra1 Kxd4 43. Rb2 Ke4 44. Raxa2 Rc8 45. Re2+ Kf5 46. Rf2+ Ke5 47. Ra5+ Ke6 48. Rxh5 Rc1 49. Rhf5 Ke7 50. g4 Ke6 51. g5 Rc8 52. Rf6+ Ke5 53. R2f5+ Ke4 54. g6 Rc2+ 55. Kg3 Rc3+ 56. Kg4 Rc1 57. Rf4+ Ke5 58. Rf3 Rg1+ 59. Kh5 Ke4 60. Kh6 Ke5 61. g7 Re1 62. Kh7 Re4 63. g8=Q Rf4 64. Qe8+ Kxf6 65. Rxf4+ Kg5 66. Rg4+ Kf5 67. Qg6+ 1-0


[Site "https://www.chess.com"]

[Event "Titled Tuesday Blitz November 22 Early 2022"]
[White "Yuan, Qingyu"]
[Black "Aldokhin, Ivan"]
[WhiteFideId "8609772"]
[BlackFideId "24115720"]
[WhiteElo "2359"]
[BlackElo "2313"]
[Result "0-1"]
[Round "10"]
[TimeControl "180+1"]
[Date "2022.11.23"]
[WhiteClock "0:00:02"]
[BlackClock "0:00:26"]

1. e4 c5 2. Nf3 e6 3. d4 cxd4 4. Nxd4 a6 5. c4 Qc7 6. Bd3 Nf6 7. O-O d6 8. Nc3 g6 9. Be3 Bg7 10. Rc1 O-O 11. h3 Nbd7 12. b3 b6 13. Qd2 Bb7 14. Bh6 Bxh6 15. Qxh6 Nc5 16. Qe3 Rfe8 17. Bb1 Rac8 18. Rfe1 Qb8 19. Qg5 Kg7 20. Re3 h6 21. Qg3 Qc7 22. Rd1 Qe7 23. Nde2 e5 24. Nc1 Nh5 25. Qg4 Rc7 26. Ree1 Nf4 27. N1e2 h5 28. Qg3 Nce6 29. Nxf4 Nxf4 30. Ne2 Ne6 31. Rd2 b5 32. Bd3 b4 33. Bb1 Rf8 34. Red1 Rd7 35. Kh1 Rdd8 36. Ng1 Nf4 37. Ne2 h4 38. Qe3 Ne6 39. f4 exf4 40. Nxf4 Nc5 41. Rd4 Rfe8 42. Qd2 Bxe4 43. Qxb4 Bxb1 44. Rxb1 Qe3 45. Rbd1 Ne4 46. Kh2 Qxf4+ 47. Kg1 Qe3+ 48. Kh2 Nf2 49. R1d2 Qg3+ 50. Kg1 Re1# 0-1


[Site "https://www.chess.com"]

[Event "Titled Tuesday Blitz November 22 Early 2022"]
[White "Yurasova, Daria"]
[Black "Garmash, Aliona"]
[WhiteFideId "34146919"]
[BlackFideId "34127620"]
[WhiteElo "2097"]
[BlackElo "1958"]
[Result "1-0"]
[Round "10"]
[TimeControl "180+1"]
[Date "2022.11.23"]
[WhiteClock "0:02:17"]
[BlackClock "0:00:03"]

1. d4 d5 2. Nf3 Nf6 3. Bg5 Ne4 4. Bf4 c6 5. Nbd2 Nxd2 6. Qxd2 Bf5 7. e3 e6 8. Bd3 Bxd3 9. Qxd3 Bd6 10. Bg3 h6 11. O-O Bxg3 12. hxg3 O-O 13. c4 Nd7 14. b4 dxc4 15. Qxc4 Nb6 16. Qb3 Qd5 17. Rab1 Rfd8 18. Rfc1 Rac8 19. Qb2 Nc4 20. Qe2 Nd6 21. Rc5 Qe4 22. Rbc1 Rb8 23. a4 Qg6 24. Ne5 Qf6 25. b5 cxb5 26. axb5 Ne4 27. Rc7 Nd6 28. Nd7 Rxd7 29. Rxd7 Rd8 30. Rdc7 1-0


[Site "https://www.chess.com"]

[Event "Titled Tuesday Blitz November 22 Early 2022"]
[White "Zaksaite, Salomeja"]
[Black "Balabayeva, Xeniya"]
[WhiteFideId "12801496"]
[BlackFideId "13719688"]
[WhiteElo "2079"]
[BlackElo "2041"]
[Result "0-1"]
[Round "10"]
[TimeControl "180+1"]
[Date "2022.11.23"]
[WhiteClock "0:00:01"]
[BlackClock "0:00:02"]

1. e4 c6 2. d4 d5 3. exd5 cxd5 4. Bd3 Nc6 5. c3 Nf6 6. h3 g6 7. Bf4 Bf5 8. Bb5 Qb6 9. Qb3 Bg7 10. Nf3 O-O 11. O-O Na5 12. Qb4 Rac8 13. a3 Rfd8 14. Nbd2 e6 15. Be2 Nd7 16. Ne5 Bxe5 17. dxe5 d4 18. Qe7 Nc6 19. Qh4 Ndxe5 20. Bg5 Re8 21. Bf6 Nd7 22. Nc4 Qc7 23. cxd4 Nxf6 24. Qxf6 Qe7 25. Qxe7 Rxe7 26. Rfd1 Rd7 27. Ne5 Rxd4 28. Nxc6 Rxd1+ 29. Rxd1 Rxc6 30. Rd8+ Kg7 31. Rd7 Rc2 32. Bf3 b6 33. Rxa7 Rxb2 34. Bc6 e5 35. Bd5 h5 36. Rxf7+ Kh6 37. h4 Rd2 38. Bc4 Rd4 39. Bb3 Rxh4 40. Ra7 Rd4 41. Bg8 Rd3 0-1


[Site "https://www.chess.com"]

[Event "Titled Tuesday Blitz November 22 Early 2022"]
[White "Zemlyanskii, Ivan"]
[Black "Mrudul Dehankar"]
[WhiteFideId "24249971"]
[BlackFideId "25096990"]
[WhiteElo "2107"]
[BlackElo "2068"]
[Result "1-0"]
[Round "10"]
[TimeControl "180+1"]
[Date "2022.11.23"]
[WhiteClock "0:00:08"]
[BlackClock "0:00:01"]

1. d4 Nf6 2. c4 e6 3. Nf3 Bb4+ 4. Bd2 Qe7 5. g3 Bxd2+ 6. Qxd2 Nc6 7. b3 d5 8. Nc3 O-O 9. Bg2 Rd8 10. O-O dxc4 11. bxc4 e5 12. e3 Bg4 13. Rae1 e4 14. Ng5 Bf5 15. Qc2 Nb4 16. Qb1 Re8 17. Ngxe4 Nxe4 18. Bxe4 Bh3 19. Bg2 Bxg2 20. Kxg2 c5 21. d5 Qe5 22. Rc1 b6 23. a3 Na6 24. Qd3 Nc7 25. Rce1 Rad8 26. f4 Qe7 27. e4 Ne6 28. e5 Nd4 29. Ne4 Qc7 30. Ng5 g6 31. Ne4 Kg7 32. Nf6 Re7 33. d6 Qb7+ 34. Nd5 Ree8 35. Kg1 b5 36. Rb1 a6 37. Nc3 Qc6 38. cxb5 axb5 39. Nxb5 Qd5 40. Nxd4 cxd4 41. Rfd1 1-0


[Site "https://www.chess.com"]

[Event "Titled Tuesday Blitz November 22 Early 2022"]
[White "Aarav Dengla"]
[Black "Sanchez, Robert"]
[WhiteFideId "45059756"]
[BlackFideId "2034360"]
[WhiteElo "2261"]
[BlackElo "2318"]
[Result "1-0"]
[Round "11"]
[TimeControl "180+1"]
[Date "2022.11.23"]
[WhiteClock "0:00:09"]
[BlackClock "0:00:03"]

1. e4 d5 2. exd5 Qxd5 3. d4 e5 4. Nf3 Bg4 5. Nc3 Bb4 6. Be2 exd4 7. Qxd4 Qxd4 8. Nxd4 Bxe2 9. Kxe2 Nf6 10. Bf4 Bxc3 11. bxc3 Nd5 12. Bg3 O-O 13. c4 Nb6 14. c5 N6d7 15. Bxc7 Nxc5 16. Kf3 Re8 17. Rhe1 Nba6 18. Bg3 Rad8 19. Nb5 h5 20. Nxa7 Rxe1 21. Rxe1 Nb4 22. Re5 Ne6 23. Rxh5 Nxc2 24. Nb5 Ra8 25. Rd5 Rxa2 26. Rd2 Rb2 27. Nc3 Ncd4+ 28. Ke3 Nf5+ 29. Ke2 Ned4+ 30. Kd3 Rxd2+ 31. Kxd2 Nxg3 32. hxg3 f5 33. Kd3 Ne6 34. Kc4 g5 35. Kd5 Kf7 36. Ke5 f4 37. g4 Nc5 38. Kf5 Nd3 39. f3 1-0


[Site "https://www.chess.com"]

[Event "Titled Tuesday Blitz November 22 Early 2022"]
[White "Ai, Evan"]
[Black "Omariev, Maksim"]
[WhiteFideId "2094770"]
[BlackFideId "4193423"]
[WhiteElo "1963"]
[BlackElo "2410"]
[Result "0-1"]
[Round "11"]
[TimeControl "180+1"]
[Date "2022.11.23"]
[WhiteClock "0:01:06"]
[BlackClock "0:01:18"]

1. e4 c5 2. Nf3 d6 3. d4 cxd4 4. Nxd4 Nf6 5. Nc3 a6 6. h3 e6 7. g4 Nfd7 8. Bg2 Qc7 9. Be3 b5 10. Qe2 Bb7 11. O-O Nb6 12. Rad1 b4 13. Nb1 Be7 14. f4 O-O 15. b3 N8d7 16. Nd2 Rfe8 17. Rc1 Bf8 18. Qd3 e5 19. Nf5 Nc5 20. Qe2 exf4 21. Bxf4 Nd5 22. Bg3 Nc3 23. Qc4 a5 24. Rf2 g6 25. Ne3 Ba6 26. Qd4 Ne6 27. Qf6 Bg7 28. Qf3 Nd4 29. Qf4 Nde2+ 0-1


[Site "https://www.chess.com"]

[Event "Titled Tuesday Blitz November 22 Early 2022"]
[White "Aizpurua, Patrick Emilio"]
[Black "Stijve, Theo"]
[WhiteFideId "6600522"]
[BlackFideId "1331132"]
[WhiteElo "2378"]
[BlackElo "2256"]
[Result "1-0"]
[Round "11"]
[TimeControl "180+1"]
[Date "2022.11.23"]
[WhiteClock "0:02:01"]
[BlackClock "0:01:23"]

1. d4 Nf6 2. Nf3 d5 3. c4 e6 4. g3 Be7 5. Bg2 O-O 6. O-O dxc4 7. Qc2 a6 8. a4 Bd7 9. Qxc4 Bc6 10. Bf4 Nbd7 11. Nc3 Nb6 12. Qb3 Nbd5 13. Rae1 Nxf4 14. gxf4 Ne4 15. e3 b5 16. axb5 axb5 17. Nxe4 Bxe4 18. Qxb5 Rb8 19. Qe2 Qd5 20. Rc1 Rb3 21. Rxc7 Bd6 22. Rc3 Rfb8 23. Rxb3 Rxb3 24. Rc1 h6 25. Rc8+ Kh7 26. Ng5+ hxg5 27. Qh5# 1-0


[Site "https://www.chess.com"]

[Event "Titled Tuesday Blitz November 22 Early 2022"]
[White "Ajay, Karthikeyan"]
[Black "Garcia Ramos, Daniel"]
[WhiteFideId "35011685"]
[BlackFideId "32010311"]
[WhiteElo "2337"]
[BlackElo "2357"]
[Result "0-1"]
[Round "11"]
[TimeControl "180+1"]
[Date "2022.11.23"]
[WhiteClock "0:00:16"]
[BlackClock "0:00:12"]

1. e4 c6 2. d4 d5 3. exd5 cxd5 4. Bd3 Nf6 5. c3 Nc6 6. Bf4 Bg4 7. Qb3 Qd7 8. Nd2 e6 9. Ngf3 Bxf3 10. Nxf3 Bd6 11. Bxd6 Qxd6 12. O-O O-O 13. Rae1 Qc7 14. Qd1 a6 15. Qe2 b5 16. a3 g6 17. Qe3 Kg7 18. Qg5 Rab8 19. h4 a5 20. Ne5 h6 21. Qg3 Ne7 22. f4 Nf5 23. Qh3 h5 24. Bxf5 exf5 25. Nd3 Ne4 26. Qe3 Qc4 27. Ne5 Qc8 28. Rc1 Rb7 29. Qd3 Qd8 30. Nf3 Qd6 31. Qe3 Rc8 32. Ng5 Re7 33. Nxe4 Rxe4 34. Qd2 Rce8 35. Rce1 Rxe1 36. Rxe1 Rxe1+ 37. Qxe1 Qxf4 38. Qe2 Qxh4 39. Qxb5 Qe1+ 40. Qf1 Qxf1+ 41. Kxf1 a4 42. Ke2 f4 43. Kd3 h4 44. b4 axb3 45. a4 f3 46. gxf3 h3 47. a5 h2 48. a6 h1=Q 49. a7 b2 0-1


[Site "https://www.chess.com"]

[Event "Titled Tuesday Blitz November 22 Early 2022"]
[White "Aldokhin, Ivan"]
[Black "Wagner, Dennis"]
[WhiteFideId "24115720"]
[BlackFideId "24650684"]
[WhiteElo "2313"]
[BlackElo "2470"]
[Result "1-0"]
[Round "11"]
[TimeControl "180+1"]
[Date "2022.11.23"]
[WhiteClock "0:00:04"]
[BlackClock "0:00:21"]

1. e4 e5 2. Nf3 Nc6 3. Bb5 a6 4. Ba4 Nf6 5. O-O Be7 6. Re1 b5 7. Bb3 O-O 8. d4 Nxd4 9. Nxd4 exd4 10. e5 Ne8 11. c3 c5 12. cxd4 c4 13. Bc2 d5 14. Nd2 Nc7 15. Nf1 f5 16. f4 a5 17. Be3 Ra6 18. Qf3 b4 19. b3 c3 20. Kh1 Rh6 21. Bf2 Be6 22. Bd3 Qd7 23. Qe2 Rb8 24. Ne3 Nb5 25. Nc2 Bh4 26. g3 Bd8 27. Be3 Rb7 28. Rf1 Bc7 29. g4 g6 30. g5 Rh3 31. Kg2 Rh4 32. h3 Bb6 33. Bxb5 Qc7 34. Kg3 Rh5 35. Bd3 h6 36. h4 hxg5 37. hxg5 Qh7 38. Qg2 Rh4 39. Be2 Qh8 40. Rh1 Rbh7 41. Rxh4 Rxh4 42. Bf3 Kf7 43. Rh1 Rxh1 44. Qxh1 Qxh1 45. Bxh1 Ke7 46. Bf3 Kd7 47. Be2 Kc6 48. Kf3 Bd8 49. Bc1 Be7 50. Ke3 Kb6 51. Ne1 Bf8 52. Kd3 Be7 53. Kc2 Bf7 54. Nd3 Be8 55. a3 Bb5 56. a4 Bxd3+ 57. Bxd3 Kc6 58. Bb5+ Kc7 59. Be8 Bxg5 60. fxg5 Kd8 61. Bxg6 f4 62. Bxf4 Ke7 63. Bf5 Kf7 64. g6+ Kg7 65. Bg5 Kg8 66. Bf6 Kf8 67. e6 Ke8 68. Bg4 Kf8 69. g7+ Kg8 70. Bh5 Kh7 71. Bf7 Kh6 72. e7 Kh7 73. g8=Q+ Kh6 74. Qg6# 1-0


[Site "https://www.chess.com"]

[Event "Titled Tuesday Blitz November 22 Early 2022"]
[White "Andreikin, Dmitry"]
[Black "Le, Tuan Minh"]
[WhiteFideId "4158814"]
[BlackFideId "12401153"]
[WhiteElo "2736"]
[BlackElo "2530"]
[Result "0-1"]
[Round "11"]
[TimeControl "180+1"]
[Date "2022.11.22"]
[WhiteClock "0:00:01"]
[BlackClock "0:00:06"]

1. Nf3 d5 2. g3 Nd7 3. d4 Nb6 4. Bg2 Nf6 5. O-O c6 6. a4 a5 7. b3 h6 8. Ba3 Bf5 9. c4 e6 10. Bxf8 Kxf8 11. Nbd2 Qe7 12. Re1 g5 13. Ne5 Rd8 14. e4 dxe4 15. Nxe4 Bxe4 16. Bxe4 Nbd7 17. Bg2 Nxe5 18. Rxe5 Qb4 19. Qe1 Rxd4 20. Rxa5 Qxe1+ 21. Rxe1 Ke7 22. Ra7 Rd7 23. b4 Rhd8 24. a5 Ne8 25. b5 Nd6 26. a6 bxa6 27. Rxd7+ Kxd7 28. Bxc6+ Kc7 29. Ra1 axb5 30. cxb5 Nc8 31. Kg2 f5 32. h4 gxh4 33. gxh4 Rd4 34. Kh3 Rb4 35. Rg1 Ne7 36. Rg7 Kd6 37. Rh7 Ng8 38. h5 Rb3+ 39. f3 Ke5 40. Kg3 Rb4 41. Rh8 Nf6 42. Rxh6 Rb3 43. Rh8 f4+ 0-1


[Site "https://www.chess.com"]

[Event "Titled Tuesday Blitz November 22 Early 2022"]
[White "Aradhya, Garg"]
[Black "Shuvalova, Polina"]
[WhiteFideId "25006746"]
[BlackFideId "24171760"]
[WhiteElo "2223"]
[BlackElo "2342"]
[Result "1/2-1/2"]
[Round "11"]
[TimeControl "180+1"]
[Date "2022.11.23"]
[WhiteClock "0:00:46"]
[BlackClock "0:00:06"]

1. d4 Nf6 2. c4 e6 3. Nc3 Bb4 4. e3 O-O 5. Bd2 d5 6. Nf3 Nbd7 7. Qb3 a5 8. cxd5 Bxc3 9. bxc3 exd5 10. a4 Nb6 11. Bd3 Be6 12. Ng5 Bd7 13. Qc2 h6 14. Nh7 Nxh7 15. Bxh7+ Kh8 16. Bf5 Qc8 17. Bxd7 Qxd7 18. O-O f5 19. f3 Nc4 20. Bc1 Rae8 21. Qd3 Qc6 22. Ra2 Re6 23. Re1 b6 24. Qc2 g6 25. Qb3 Rfe8 26. Rae2 Kh7 27. Qc2 R8e7 28. h4 h5 29. e4 fxe4 30. fxe4 Rxe4 31. Rxe4 Rxe4 32. Rf1 Qe6 33. Qf2 Qe8 34. Qf6 Nd6 35. Bf4 Re6 36. Qg5 Ne4 37. Qxd5 Nxc3 38. Qc4 Ne2+ 39. Kh2 Nxf4 40. Qxc7+ Qe7 41. Qxf4 Re4 42. Qf7+ Qxf7 43. Rxf7+ Kg8 44. Rf6 Kg7 45. Rd6 Rxh4+ 46. Kg3 Rg4+ 47. Kf3 Kf7 48. g3 Ke7 49. Rxb6 Rxd4 50. Rxg6 Rxa4 51. Rg5 Ra1 52. Rxh5 a4 53. Ra5 a3 54. Kg4 a2 55. Ra6 Kf7 56. Kg5 Rg1 57. Ra7+ Ke6 58. Ra6+ Ke5 59. Ra5+ Ke6 60. Rxa2 Rxg3+ 61. Kf4 Rd3 62. Re2+ Kd5 63. Re5+ Kd4 64. Re8 Kc3 65. Rc8+ Kd2 66. Ke4 Re3+ 67. Kd4 Rd3+ 68. Ke4 Re3+ 69. Kf4 Rd3 70. Rh8 Kc3 71. Ke4 Rd4+ 72. Ke5 Rd3 73. Rc8+ Kd2 74. Ke4 1/2-1/2


[Site "https://www.chess.com"]